Map: Acid Plant LE

Players

Railgan - Winner!

  • Race: Zerg Zerg
  • League: Grandmaster
  • Spawn Location: 5:00

Господин

  • Race: Protoss Protoss
  • League: Grandmaster
  • Spawn Location: 11:00

VOD

https://www.youtube.com/watch?v=Bvk7CGYc8SM

Description

Time

  • Played on: July 1, 2018, 11:16 a.m.
  • Length: 14:51
Show
View Real Time Build Order
Export as new Build Order

Railgan Zerg - Winner!

Build Orders: Hatch First, Swarm Host, Roach Nydus 

Get SALT Encoding   

  12  0:01  Drone  
  13  0:12  Overlord  
  13  0:17  Drone  
  14  0:31  Drone x2  
  14  0:34  Drone  
  17  0:53  Hatchery  
  17  0:57  Extractor  
  17  0:58  Spawning Pool  
  17  0:59  Drone, Extractor  
  17  1:01  Drone  
  16  1:10  Drone  
  17  1:27  Drone  
  17  1:30  Drone  
  19  1:41  Drone  
  19  1:45  Queen  
  22  1:48  Roach Warren  
  21  1:55  Spine Crawler  
  21  1:58  Zergling x2  
  21  2:06  Overlord  
  21  2:10  Drone  
  21  2:24  Queen  
  23  2:30  Roach  
  23  2:36  Drone  
  26  2:45  Roach  
  28  2:53  Overlord  
  28  2:56  Drone  
  29  3:03  Lair  
  29  3:12  Drone  
  30  3:14  Ravager x2  
  30  3:15  Roach  
  34  3:20  Overlord  
  34  3:37  Drone  
  34  3:41  Spine Crawler  
  34  3:45  Ravager, Roach  
  34  3:47  Roach  
  39  3:53  Overlord  
  39  4:03  Nydus Network  
  39  4:04  Overseer  
  39  4:07  Drone  
  39  4:18  Drone  
  39  4:20  Infestation Pit  
  39  4:41  Nydus Canal, Roach  
  39  4:42  Roach x2  
  45  4:47  Roach  
  47  4:54  Overlord  
  47  5:05  Overseer  
  42  5:14  Swarm Host  
  42  5:19  Overseer  
  42  5:20  Drone x2  
  47  5:24  Spine Crawler  
  46  5:35  Drone  
  47  5:39  Swarm Host x2  
  53  5:54  Nydus Canal  
  53  6:05  Overlord  
  53  6:14  Overlord  
  53  6:19  Roach x2  
  57  6:32  Swarm Host x2  
  63  6:35  Overlord  
  63  6:41  Overlord  
  63  6:44  Queen  
  65  6:51  Nydus Canal  
  65  6:54  Roach  
  65  7:00  Roach  
  69  7:06  Roach  
  71  7:17  Swarm Host  
  71  7:20  Queen  
  76  7:28  Overlord  
  76  7:30  Swarm Host  
  79  7:49  Swarm Host  
  82  8:09  Roach  
  82  8:12  Roach x2  
  86  8:18  Swarm Host  
  89  8:21  Roach x2  
  91  8:37  Roach  
  83  8:42  Queen  
  83  8:47  Roach  
  83  8:51  Roach  
  83  8:54  Roach x2  
  85  8:59  Roach  
  85  9:25  Hatchery  
  84  9:34  Roach x2  
  86  10:15  Overseer  
  86  10:17  Roach  
  86  10:21  Infestor x2  
  92  10:37  Nydus Canal  
  92  10:38  Roach x3  
  96  10:54  Nydus Canal  
  91  11:04  Roach x2  
  87  11:09  Drone x2  
  87  11:10  Roach  
  91  11:16  Drone x2  
  93  11:19  Roach  
  93  11:20  Roach  
  95  11:26  Swarm Host  
  98  11:37  Drone x2  
  96  12:01  Swarm Host x2  
  100  12:15  Extractor x2  
  98  12:26  Drone x2  
  98  12:30  Nydus Canal  
  98  12:36  Glial Reconstitution, Drone  
  99  12:38  Drone  
  100  12:48  Nydus Canal  
  100  12:49  Overlord  
  100  13:11  Drone x3  
  103  13:14  Swarm Host  
  103  13:17  Drone x2  
  108  13:20  Overlord x3  
  108  13:36  Overlord  
  108  13:37  Overlord  
  108  13:43  Queen x2  
  108  13:44  Swarm Host x4  
  124  13:53  Roach x3  
  130  13:58  Drone  
  130  14:02  Roach x5  
  131  14:10  Roach x4  
  131  14:13  Roach  
  131  14:19  Roach  
  133  14:29  Roach  
  133  14:30  Roach  
Show
View Real Time Build Order
Export as new Build Order

Господин Protoss 

Build Orders: Cannon Rush 

Get SALT Encoding   

  1  0:00  Probe  
  12  0:05  Probe  
  14  0:19  Pylon  
  14  0:21  Probe  
  15  0:37  Probe  
  15  0:38  Forge  
  16  0:49  Pylon  
  16  0:57  Probe  
  17  1:10  Gateway  
  17  1:14  Photon Cannon  
  17  1:22  Pylon  
  17  1:25  Pylon  
  17  1:31  Probe  
  17  1:33  Photon Cannon  
  17  1:37  Assimilator  
  17  1:39  Probe  
  19  1:48  Probe  
  19  1:53  Photon Cannon  
  20  2:01  Cybernetics Core  
  20  2:04  Probe  
  21  2:08  Pylon  
  21  2:17  Probe  
  22  2:27  Photon Cannon  
  22  2:29  Probe  
  23  2:37  Stalker  
  23  2:41  Shield Battery  
  23  2:43  Photon Cannon  
  25  2:47  Shield Battery  
  25  2:56  Probe  
  26  3:00  Assimilator  
  26  3:07  Stalker  
  28  3:13  Shield Battery  
  28  3:16  Probe  
  29  3:29  Photon Cannon  
  29  3:34  Robotics Facility  
  29  3:44  Pylon  
  29  3:45  Stalker  
  29  3:49  Shield Battery  
  29  3:50  Shield Battery  
  31  4:05  Pylon  
  31  4:17  Stalker  
  31  4:23  Immortal  
  37  4:35  Probe  
  38  4:45  Robotics Facility  
  38  4:50  Shield Battery  
  38  4:52  Shield Battery  
  38  5:05  Warp Prism  
  40  5:16  Shield Battery  
  40  5:34  Nexus  
  44  5:35  Immortal  
  44  5:48  Immortal  
  48  6:05  Stargate  
  48  6:08  Photon Cannon  
  48  6:37  Pylon  
  48  6:53  Robotics Bay  
  48  6:55  Probe  
  48  6:56  Probe  
  50  7:07  Probe  
  50  7:08  Probe  
  47  7:24  Immortal  
  49  8:04  Pylon  
  49  8:23  Nexus  
  41  9:11  Pylon  
  41  9:17  Pylon  
  41  9:51  Probe  
  42  9:54  Robotics Facility  
  42  9:59  Robotics Facility  
  42  10:00  Pylon  
  42  10:02  Assimilator  
  42  10:06  Probe  
  43  10:17  Shield Battery  
  43  10:18  Probe  
  43  10:20  Shield Battery  
  44  10:22  Shield Battery  
  44  10:38  Colossus  
  44  10:39  Stargate  
  44  10:45  Photon Cannon  
  44  10:46  Pylon  
  50  10:57  Colossus  
  54  11:28  Pylon, Photon Cannon  
  54  11:30  Photon Cannon  
  54  11:32  Photon Cannon  
  54  11:42  Extended Thermal Lance  
  54  11:54  Colossus  
  60  12:15  Probe x2  
  59  12:22  Pylon x2  
  60  12:25  Observer  
  60  12:27  Probe  
  62  12:45  Colossus  
  72  12:51  Immortal  
  72  13:21  Immortal  
  72  13:27  Nexus  
  72  13:29  Colossus  
Tags
 
Add a new tag
Caveats
  • Supply blocks, unpowered buildings, or Contaminate may cause inaccurate times.
  • Supply counts are checked every 10 seconds.